Get step-by-step instructions on how to execute this build order below. Start the game timer, and the build order will tick by so you can play in parallel with StarCraft on a second screen or mobile device.

Game Time

  0:00

Last Step

  N/A

Next Step

Upcoming Step



Don't want to look back and forth between 2 screens? Try out our Overwolf App, the Spawning Tool Build Advisor to get an in-game overlay with this build!

Complete Build Order

  12  0:00  Drone  
  13  0:07  Drone  
  14  0:14  Extractor, Drone  
  15  0:22  Overlord  
  15  0:40  Drone  
  16  0:45  Hatchery  
  16  0:48  Drone  
  16  0:51  Drone  
  16  0:55  Drone  
  18  1:05  Extractor  
  18  1:10  Spawning Pool  
  16  1:13  Drone  
  16  1:16  Drone  
  18  1:27  Drone  
  19  1:38  Drone  
  20  1:48  Drone  
  20  1:53  Hatchery  
  20  1:56  Queen  
  20  1:57  Zergling x2  
  20  2:00  Drone  
  24  2:08  Drone  
  25  2:09  Drone  
  26  2:18  Drone  
  26  2:19  Overlord  
  27  2:27  Metabolic Boost  
  27  2:29  Drone  
  28  2:37  Queen  
  28  2:39  Drone  
  28  2:40  Drone  
  28  2:43  Drone  
  33  2:49  Queen  
  35  2:54  Drone  
  35  2:57  Overlord  
  36  3:04  Drone  
  36  3:05  Drone x2  
  39  3:13  Queen  
  39  3:14  Overlord  
  39  3:17  Drone x2  
  43  3:22  Drone  
  43  3:25  Drone  
  45  3:27  Baneling Nest  
  45  3:30  Queen  
  45  3:33  Overlord  
  46  3:36  Drone  
  46  3:40  Drone x2  
  48  3:44  Overlord  
  48  3:51  Queen  
  48  3:53  Overlord  
  48  3:54  Zergling x4  
  52  3:58  Zergling x4  
  52  3:59  Zergling x2  
  55  4:04  Zergling x6  
  55  4:05  Zergling x2  
  55  4:09  Queen  
  59  4:15  Zergling x6  
  61  4:18  Zergling x2  
  61  4:20  Zergling x2  
  61  4:21  Zergling x6  
  60  4:25  Zergling x2  
  60  4:28  Drone  
  60  4:29  Queen  
  61  4:32  Drone x2  
  61  4:33  Drone  
  61  4:35  Drone  
  65  4:39  Overlord  
  65  4:40  Drone  
  65  4:41  Drone  
  65  4:44  Evolution Chamber  
  65  4:45  Drone  
  67  4:46  Drone  
  67  4:50  Queen  
  70  4:53  Drone x2  
  70  4:56  Drone x2  
  70  4:58  Evolution Chamber  
  72  5:00  Drone x2  
  72  5:05  Drone x3  
  77  5:11  Drone x2  
  77  5:12  Drone  
  77  5:13  Drone x2  
  80  5:16  Zerg Ground Armor Level 1  
  80  5:18  Queen  
  79  5:21  Extractor  
  79  5:22  Zergling x4  
  79  5:25  Zerg Melee Weapons Level 1  
  80  5:28  Zergling x4  
  80  5:32  Overlord x2  
  80  5:33  Overlord  
  81  5:38  Extractor  
  81  5:41  Lair  
  80  5:44  Overlord  
  80  5:46  Zergling x4  
  80  5:49  Hatchery  
  81  5:50  Overlord  
  81  5:51  Drone  
  81  5:52  Drone  
  81  5:53  Drone  
  81  5:54  Baneling x2  
  85  5:57  Zergling x6  
  85  6:03  Zergling x10  
  92  6:08  Zergling x4  
  94  6:15  Zergling x8  
  98  6:22  Baneling x3  
  98  6:23  Baneling x3  
  98  6:24  Zergling x4  
  100  6:28  Zergling x4  
  100  6:29  Queen  
  100  6:31  Overlord  
  102  6:34  Queen  
  102  6:35  Zergling x6  
  105  6:41  Zergling x4  
  105  6:42  Centrifugal Hooks  
  105  6:43  Baneling x3, Queen  
  109  6:50  Zergling x6  
  112  6:56  Baneling x4  
  112  6:57  Zergling x2  
  113  7:01  Zergling x6  
  113  7:05  Zergling x18  
  118  7:12  Zergling x2  
  118  7:13  Zergling x2  
  118  7:14  Baneling  
  118  7:15  Baneling x4  
  103  7:17  Zergling x2  
  103  7:22  Zergling x4  
  106  7:23  Queen  
  106  7:24  Zergling x2  
  109  7:31  Zergling x2  
  109  7:34  Zergling x8  
  114  7:40  Zergling x2  
  114  7:45  Hatchery  
  114  7:46  Zergling x4  
  112  7:56  Drone x5  
  112  7:58  Zerg Melee Weapons Level 2  
  104  8:02  Drone  
  104  8:03  Drone x7, Infestation Pit  
  111  8:05  Extractor  
  111  8:06  Extractor  
  111  8:12  Zergling x4  
  110  8:18  Hatchery, Zergling x2  
  110  8:22  Drone x2  
  110  8:23  Drone x2, Extractor, Hatchery  
  112  8:27  Spore Crawler  
  112  8:29  Zergling x10, Spore Crawler  
  112  8:33  Zerg Ground Armor Level 2  
  115  8:35  Zergling x2  
  115  8:36  Overlord  
  115  8:38  Zergling x2  
  117  8:48  Zergling x6  
  120  8:51  Hive  
  120  8:56  Overlord  
  120  8:58  Zergling x10  
  125  9:03  Baneling x8  
  125  9:05  Overlord x4  
  125  9:07  Drone  
  125  9:09  Drone  
  126  9:10  Drone  
  126  9:11  Drone  
  128  9:18  Zergling x2  
  128  9:20  Infestor  
  131  9:24  Infestor  
  131  9:26  Drone x7  
  131  9:28  Zergling x2  
  141  9:32  Spore Crawler  
  141  9:33  Zergling x8  
  141  9:36  Drone x3  
  141  9:37  Drone  
  148  9:42  Zergling x4  
  148  9:43  Spine Crawler  
  149  9:47  Drone x4  
  149  9:48  Spire  
  149  9:51  Zergling x4  
  154  9:53  Zergling x12  
  154  9:58  Zergling x2  
  154  9:59  Zergling x6  
  145  10:03  Zergling x8  
  139  10:07  Zergling x2  
  139  10:10  Zergling x2  
  139  10:11  Zergling x10  
  142  10:17  Zergling x10  
  142  10:19  Adrenal Glands, Ultralisk Cavern  
  144  10:22  Zergling x14  
  151  10:28  Zergling x10  
  151  10:30  Zergling x2  
  151  10:32  Zergling x2  
  155  10:38  Zerg Melee Weapons Level 3  
  155  10:41  Zergling x14  
  147  10:43  Zergling x4  
  147  10:48  Zergling x8  
  132  10:56  Hatchery  
  118  10:57  Zergling x2  
  118  10:58  Zergling x2  
  118  11:00  Zergling x4  
  118  11:03  Zergling x4  
  111  11:10  Ultralisk  
  111  11:11  Zergling x2  
  117  11:14  Chitinous Plating  
  117  11:16  Zergling x2  
  111  11:24  Ultralisk, Zergling x2  
  106  11:28  Zergling x6  
  106  11:29  Zergling x2  
  102  11:34  Zergling x8  
  102  11:35  Zergling x2  
  102  11:37  Zergling x2  
  108  11:40  Zergling x2  
  108  11:41  Zergling x2  
  108  11:46  Zergling x4  
  108  11:47  Zergling x4  
  107  11:48  Zergling x2  
  107  11:50  Extractor  
  107  11:51  Zergling x2  
  107  11:52  Extractor  
  107  11:53  Zergling x2  
  108  12:01  Drone  
  109  12:02  Drone  
  109  12:03  Drone x2  
  109  12:07  Corruptor  
  114  12:08  Corruptor  
  114  12:09  Corruptor, Zergling x2  
  114  12:11  Baneling  
  114  12:12  Baneling  
  114  12:14  Zergling x4  
  114  12:15  Zergling x4  
  121  12:19  Spore Crawler, Zergling x2  
  121  12:20  Zergling x2  
  121  12:21  Zergling x4  
  117  12:23  Corruptor  
  116  12:30  Zergling x8  
  116  12:34  Zergling x2  
  121  12:37  Baneling  
  121  12:38  Baneling x3  
  121  12:39  Baneling  
  121  12:40  Zergling x6  
  121  12:41  Zergling x2  
  121  12:42  Zergling x2  
  121  12:43  Zergling x2  
  127  12:44  Zergling x4  
  127  12:46  Zergling x4  
  127  12:50  Hatchery, Zergling x2  
  127  12:51  Zergling x2  
  131  12:52  Zergling x2  
  131  12:53  Zergling x2  
  131  12:54  Zergling x2  
  131  12:56  Zergling x4  
  136  12:58  Zergling x2  
  136  13:03  Zergling x4  
  134  13:06  Zergling x4  
  134  13:08  Anabolic Synthesis  
  134  13:10  Zergling x4  
  134  13:12  Zergling x2  
  133  13:21  Zergling x6  
  133  13:24  Zergling x6  
  137  13:27  Zergling x2  
  137  13:33  Ultralisk, Zergling x2  
  141  13:36  Zergling x2  
  141  13:39  Zergling x2  
  141  13:41  Baneling x2  
  139  13:43  Zergling x4  
  139  13:46  Drone x5  
  142  13:49  Overlord  
  142  13:51  Overlord  
  132  13:58  Viper  
  132  13:59  Zergling x6  
  124  14:07  Drone x4  
  125  14:10  Zergling x2  
  125  14:16  Ultralisk, Zergling x2  
  130  14:21  Drone  
  129  14:29  Zergling x4  
  129  14:32  Viper  
  129  14:37  Drone x2  
  129  14:38  Zergling x14, Extractor  
  141  14:43  Extractor, Drone  
  137  14:46  Zergling x6  
  138  14:53  Zergling x4  
  138  14:57  Zergling x4  
  138  14:58  Zergling x2  
  141  15:00  Zergling x2  
  141  15:06  Ultralisk  
  148  15:07  Zergling x2  
  148  15:08  Zergling x2  
  149  15:18  Zergling x2, Hatchery  
  149  15:19  Zergling x2  
  149  15:20  Zergling x2  
  147  15:25  Zergling x6  
  147  15:27  Zergling x2  
  148  15:31  Overseer  
  148  15:33  Overlord, Zergling x2  
  148  15:34  Zergling x2  
  148  15:36  Zergling x2  
  148  15:38  Zergling x2  
  148  15:39  Zergling x2  
  148  15:41  Zergling x2  
  151  15:45  Zergling x4  
  151  15:46  Zergling x2  
  151  15:47  Zergling x2  
  151  15:48  Zergling x2  
  151  15:49  Zergling x2  
  156  15:51  Zergling x4  
  156  15:52  Zergling x2  
  156  15:55  Zergling x4  
  153  16:01  Zergling x2  
  153  16:02  Zergling x6  
  153  16:03  Zergling x2  
  124  16:05  Zergling x2